 Dungeon Crawl Stone Soup version 0.30-a0-322-g102857c98e (webtiles) character file.

Game seed: 5143203898111949267

6443 billz999 the Unseen (level 10, -2/63 HPs)
             Began as a Vampire Earth Elementalist on Oct 27, 2022.
             Was a Believer of Dithmenos.
             Succumbed to a black mamba's poison
             ... on level 1 of the Lair of Beasts.
             The game lasted 00:26:17 (10175 turns).

billz999 the Unseen (Vampire Earth Elementalist)   Turns: 10175, Time: 00:26:17

Health: -2/63      AC:  6    Str:  7    XL:     10   Next: 67%
Magic:  5/17       EV: 12    Int: 22    God:    Dithmenos [**....]
Gold:   286        SH:  0    Dex: 15    Spells: 10/18 levels left

rFire   . . .      SeeInvis +    A - +5 dagger (elec)
rCold   . . .      Faith    .    (no shield)
rNeg    . . .      Spirit   .    a - +1 robe
rPois   .          Reflect  .    r - +0 helmet
rElec   .          Harm     .    t - +0 cloak
rCorr   .          Rampage  .    u - +0 pair of gloves
Will    ++...                    (no boots)
Stlth   ++++++++..               (no amulet)
HPRegen 0.50/turn                f - +4 ring of slaying
MPRegen 0.15/turn                c - ring of willpower

@: lethally poisoned (-2 -> -18), healing quickly, wreathed by umbra
A: alive, fangs 3, see invisible, vampiric 2, hooves 2, screaming 1
a: Exsanguinate, Renounce Religion, Shadow Step


You were on level 1 of the Lair of Beasts.
You worshipped Dithmenos.
Dithmenos was pleased with you.
You visited 2 branches of the dungeon, and saw 10 of its levels.

You collected 629 gold pieces.
You spent 343 gold pieces at shops.

Inventory:

Hand Weapons
 b - a +1 rapier of venom
 v - a +0 dagger
 A - a +5 dagger of electrocution (weapon)
 C - the +4 hand axe of Tomorrow {vorpal, Drain rF++ Will+ Int+2}
   (You found it on level 8 of the Dungeon)

   It inflicts extra damage upon your enemies.
   Int:       It affects your intelligence (+2).
   rF:        It greatly protects you from fire.
   Drain:     It drains your maximum health when unequipped.
   Will:      It increases your willpower.
Missiles
 i - 2 silver javelins
 q - 10 poisoned darts
Armour
 a - a +1 robe (worn)
 g - a +0 pair of gloves
 r - a +0 helmet (worn)
 t - a +0 cloak (worn)
 u - a +0 pair of gloves (worn)
Jewellery
 c - a ring of willpower (right hand)
 f - a +4 ring of slaying (left hand)
 n - a ring of positive energy
Wands
 l - a wand of paralysis (9)
Scrolls
 d - a scroll of butterflies
 e - a scroll of torment {unknown}
 h - a scroll of blinking {unknown}
 j - 2 scrolls of immolation {unknown}
 m - a scroll of amnesia
 o - 2 scrolls of magic mapping
 p - 2 scrolls of fear
 s - a scroll of enchant armour
 y - a scroll of poison {unknown}
 z - a scroll of silence {unknown}
 D - a scroll of identify
Potions
 k - a potion of mutation
 x - a potion of resistance
 B - a potion of cancellation {unknown}


   Skills:
 + Level 8.0 Short Blades
 - Level 2.2 Dodging
 * Level 16.0 Stealth
 - Level 4.7 Spellcasting
 - Level 8.4 Transmutations
 - Level 5.6 Earth Magic


You had 10 spell levels left.
You knew the following spells:

 Your Spells              Type           Power      Damage    Failure   Level
a - Sandblast             Erth           58%        2d13      1%          1
b - Petrify               Tmut/Erth      36%        N/A       6%          4
c - Stone Arrow           Conj/Erth      34%        3d9       10%         3

Your spell library contained the following spells:

 Spells                   Type           Power      Damage    Failure   Level
 Passwall                 Tmut/Erth      30%        N/A       1%          2
 Ice Form                 Ice/Tmut       23%        N/A       19%         4
 Frozen Ramparts          Ice            10%        1d2       30%         3
 Animate Armour           Summ/Erth      34%        N/A       32%         4
 Summon Ice Beast         Ice/Summ       5%         N/A       71%         4
 Lehudib's Crystal Spear  Conj/Erth      8%         10d4      100%        8


Dungeon Overview and Level Annotations

Branches:
Dungeon (9/15)             Temple (0/1) D:6            Lair (1/5) D:8
    Orc: D:9-12

Altars:
Cheibriados
Dithmenos
Gozag
Hepliaklqana
Makhleb
Qazlal
Ru
Sif Muna
Uskayaw
Vehumet
Yredelemnul

Shops:
D:3 ?   D:4 (

Annotations:
D:6 3 runed translucent doors, bronco's ghost, novice MiMo
D:9 exclusion: ice statue


Innate Abilities, Weirdness & Mutations

Your natural rate of healing is accelerated.
You have razor-sharp teeth.
You have supernaturally acute eyesight. (SInv)
You are afflicted with vampirism and can become a bat while bloodless.
You have hoof-like feet.
You occasionally shout uncontrollably at your foes.


Message History

Press: ? - help, Shift-Dir - straight line, f - black mamba
Aim: a black mamba (lightly wounded, umbra, chance to affect: 64%)
The black mamba struggles to resist.
You feel extremely sick. The black mamba bites you.
* * * LOW HITPOINT WARNING * * *
The black mamba closely misses you.
It was a potion of curing.
You feel better. The black mamba bites you.
You are poisoned.
The black mamba poisons you! The black mamba misses you.
Casting: Petrify (dangerous; 6% risk of failure)
Confirm with . or Enter, or press ? or * to list all spells.
You don't know that spell.
Unknown command.
Casting: Petrify (dangerous; 6% risk of failure)
Confirm with . or Enter, or press ? or * to list all spells.
Aiming: Petrify (dangerous; 6% risk of failure)
Press: ? - help, Shift-Dir - straight line, f/p - black mamba
Aim: a black mamba (lightly wounded, umbra, chance to affect: 64%)
The black mamba is moving more slowly.
You feel very sick. The black mamba bites you!
* * * LOW HITPOINT WARNING * * *
You are lethally poisoned!
The black mamba poisons you!
* * * LOW HITPOINT WARNING * * *
You feel very sick. The black mamba bites you.
* * * LOW HITPOINT WARNING * * *
You hit the black mamba.
You kick the black mamba, but do no damage.
You bite the black mamba.
The black mamba is lightly wounded.
* * * LOW HITPOINT WARNING * * *
You feel very sick.
The black mamba bites you but does no damage.
As you read the scroll labelled ZES FUQOINANLA, it crumbles to dust.
It is a scroll of enchant armour.
Your +0 robe glows green for a moment.
You die...

........####...'....##.#.#.+.....
#.#.[...# ##.##....###....#.....
#.....# ####....'...###.†...>
#.......# ##....##P## #.PP..#
##..##### #.#.+#.### ####..# ##.
####...## ##.. .. ####.#+.### ##.
.. # ###S.......P# ##### #
..####.#####.'S@......P# #.#.###
..........#.........# #.....
.~♣......#........#####.....
♣..†#..#............'.....
~~~......##........#.###.....
.......####........#.# #.)...
....... #..........# #.....
....... #........### ######
P###### #........#


You could see a black mamba (petrifying) and a water moccasin.

Vanquished Creatures
  A sixfirhy (D:7)
  A black mamba (Lair:1)
  2 cane toads (Lair:1)
  A rime drake (Lair:1)
  2 komodo dragons (Lair:1)
  Sigmund (D:5)
  A wyvern (D:7)
  A steam dragon (D:8)
  Edmund (D:6)
  5 water moccasins
  2 orc warriors
  An ice beast (D:7)
  A sky beast (D:7)
  An ogre (D:5)
  A centaur (D:7)
  A phantom (D:5)
  5 scorpions
  4 bullfrogs
  A necrophage (D:6)
  11 wights
  10 killer bees
  3 howler monkeys (D:8)
  An electric eel (D:6)
  2 jellies
  7 orc priests
  4 hounds
  A gnoll bouda (D:8)
  An iguana (D:5)
  5 orc wizards
  4 gnolls (D:8)
  9 adders
  A white imp (D:7)
  A worm (D:3)
  3 dart slugs
  21 orcs
  5 ball pythons
  7 endoplasms
  2 giant cockroaches (D:1)
  6 goblins
  8 hobgoblins
  5 quokkas
  5 bats
  3 frilled lizards (D:2)
  3 kobolds
  7 rats
168 creatures vanquished.

Vanquished Creatures (others)
  3 fungi (Lair:1)
  15 plants
18 creatures vanquished.

Grand Total: 186 creatures vanquished

Notes
Turn   | Place    | Note
-------+----------+-------------------------------------------
     0 | D:1      | billz999 the Vampire Earth Elementalist began the quest for
                  | the Orb.
     0 | D:1      | Reached XP level 1. HP: 13/13 MP: 3/3
   657 | D:1      | Reached XP level 2. HP: 18/19 MP: 3/5
  1327 | D:2      | Gained mutation: You are afflicted with vampirism and can
                  | become a bat while bloodless. [Vampire growth]
  1327 | D:2      | Reached XP level 3. HP: 24/24 MP: 3/6
  2007 | D:3      | Reached XP level 4. HP: 30/30 MP: 5/7
  2040 | D:3      | Found a shadowy altar of Dithmenos.
  2063 | D:3      | Became a worshipper of Dithmenos the Shadowed
  2216 | D:3      | Found Xumiset's Magic Scroll Shoppe.
  2245 | D:3      | Bought a scroll of teleportation for 36 gold pieces
  2245 | D:3      | Bought a scroll of enchant weapon for 90 gold pieces
  2350 | D:3      | Found an opulent altar of Gozag.
  2480 | D:4      | Found Diemn's Antique Weapon Boutique.
  2718 | D:4      | Noticed a scorpion
  2726 | D:4      | Killed a scorpion
  2727 | D:4      | Reached XP level 5. HP: 19/35 MP: 2/8
  2880 | D:4      | Found a sacrificial altar of Ru.
  3121 | D:4      | Found a basalt altar of Yredelemnul.
  3170 | D:4      | Reached skill level 5 in Transmutations
  3342 | D:5      | Entered Level 5 of the Dungeon
  3411 | D:5      | Reached XP level 6. HP: 34/41 MP: 7/10
  3414 | D:5      | Gained mutation: You have large cloven feet. [potion of
                  | mutation]
  3414 | D:5      | Gained mutation: You occasionally shout uncontrollably at
                  | your foes. [potion of mutation]
  3414 | D:5      | Gained mutation: You have hoof-like feet. [potion of
                  | mutation]
  3416 | D:5      | Noticed Sigmund
  3447 | D:5      | Killed Sigmund
  3448 | D:5      | Reached XP level 7. HP: 11/46 MP: 3/12
  3884 | D:5      | Reached * piety under Dithmenos
  3915 | D:5      | Reached skill level 5 in Earth Magic
  4039 | D:5      | Found a stormy altar of Qazlal.
  4050 | D:5      | Found a hazy altar of Hepliaklqana.
  4306 | D:5      | Found a radiant altar of Vehumet.
  4313 | D:5      | Reached XP level 8. HP: 52/52 MP: 10/14
  4949 | D:6      | Learned a level 4 spell: Petrify
  5009 | D:4      | Bought a runed rapier for 217 gold pieces
  5057 | D:5      | Reached skill level 1 in Short Blades
  5057 | D:5      | Reached skill level 4 in Stealth
  5199 | D:5      | Reached skill level 5 in Stealth
  5271 | D:6      | Noticed Edmund
  5445 | D:6      | Killed Edmund
  5446 | D:6      | Reached skill level 6 in Stealth
  5575 | D:6      | Found a runed translucent gate.
  5577 | D:6      | Found a runed translucent gate.
  5577 | D:6      | Found a runed translucent gate.
  5580 | D:6      | Noticed bronco's ghost (novice MiMo)
  5596 | D:6      | Found a staircase to the Ecumenical Temple.
  5910 | D:6      | Found a snail-covered altar of Cheibriados.
  6068 | D:6      | Reached skill level 7 in Stealth
  6152 | D:6      | Found a shimmering blue altar of Sif Muna.
  6538 | D:7      | Reached skill level 8 in Stealth
  6538 | D:7      | Reached XP level 9. HP: 43/57 MP: 10/16
  6817 | D:6      | Reached skill level 9 in Stealth
  7081 | D:7      | Found a runed translucent door.
  7081 | D:7      | Found a burning altar of Makhleb.
  7081 | D:7      | Noticed a sixfirhy
  7088 | D:7      | Killed a sixfirhy
  7089 | D:7      | Reached skill level 5 in Short Blades
  7089 | D:7      | Reached skill level 11 in Stealth
  7167 | D:7      | Found a hide-covered altar of Uskayaw.
  7169 | D:7      | Reached ** piety under Dithmenos
  7535 | D:7      | Reached skill level 12 in Stealth
  7993 | D:8      | Reached skill level 13 in Stealth
  8045 | D:8      | Identified the +4 hand axe of Tomorrow {vorpal, Drain rF++
                  | Will+ Int+2}
  8081 | D:8      | Reached XP level 10. HP: 63/63 MP: 17/17
  8108 | D:8      | Learned a level 3 spell: Stone Arrow
  8176 | D:8      | Found a staircase to the Lair.
  9454 | D:9      | Noticed an ice statue
  9465 | Lair:1   | Entered Level 1 of the Lair of Beasts
  9514 | Lair:1   | Reached skill level 14 in Stealth
  9543 | Lair:1   | Noticed a black mamba
  9557 | Lair:1   | Killed a black mamba
  9709 | Lair:1   | Noticed a cane toad
  9712 | Lair:1   | Killed a cane toad
  9713 | Lair:1   | Reached skill level 15 in Stealth
  9739 | Lair:1   | Noticed a cane toad
  9754 | Lair:1   | Killed a cane toad
  9885 | Lair:1   | Found the +6 shillelagh "Devastator" {shatter}
  9927 | Lair:1   | Noticed a black mamba
 10055 | Lair:1   | Reached skill level 16 in Stealth
 10174 | Lair:1   | HP: 1/63 [poisoned by a black mamba]
 10175 | Lair:1   | Succumbed to a black mamba's poison

Illustrated notes

Levels and vault maps discovered:
D:1:      ncdulo_halloftheorcs, layout_loops_ring, minmay_tetromino_s4
D:2:      wad_lake_hut, layout_rooms, amcnicky_mini_pool_small,
          nrook_loot_triangle, uniq_crazy_yiuf_cottage
D:3:      layout_rooms, nicolae_gozag_cash_rules_everything_around_me,
          nicolae_dithmenos_through_a_glass_darkly, serial_shops, shop
D:4:      layout_loops_cross, mainiacjoe_overflow_concentric_impassable,
          nicolae_ru_path_of_blood, serial_shops, nicolae_shop_stone
D:5:      layout_basic, mainiacjoe_overflow_cross_hatched, kennysheep_mini,
          nicolae_hepliaklqana_hazy_memory, lemuel_round_altar, uniq_sigmund
D:6:      layout_loops_cross, kennysheep_slug_shrine, kennysheep_orc_sif_temple,
          minmay_temple_entry_mist, gammafunk_ghost_necromancy, fountainhead,
          corexii_leaking_fountain, uniq_edmund
D:7:      layout_basic, nzn_makhleb_speed_demon, nicolae_uskayaw_dance_hall
D:8:      nicolae_cairo_tiling, layout_basic, tso_oasis_becter, zin_scriptorium
D:9:      minmay_sliced_demisemicircle, layout_loops_cross, nzn_ghost_randoct,
          serial_shops, shop, nicolae_stop_n_shop_1, nicolae_shop_trees,
          nicolae_shop_crystal
Lair:1:   layout_roguey, gammafunk_ghost_cemetery, serial_bayou_pond_e,
          grunt_megastairs_5, serial_bayou_shore_b, serial_bayou_shore_b

Skill      XL: |  1  2  3  4  5  6  7  8  9 10 |
---------------+-------------------------------+-----
Transmutations | 2 3 4 5 6 7 8 |  8.4
Spellcasting   | 3 4 |  4.7
Earth Magic    | 4 5 |  5.6
Short Blades   | 3 6 8 |  8.0
Stealth        | 8 13 16 | 16.0
Dodging        | |  2.2

Action                   |  1- 3 |  4- 6 |  7- 9 | 10-12 || total
-------------------------+-------+-------+-------+-------++-------
Melee: Dagger            |       |    20 |    64 |    20 ||   104
       Bite              |       |     1 |     5 |     3 ||     9
       Punch             |       |     1 |       |       ||     1
       Kick              |       |       |    22 |     6 ||    28
Throw: Dart              |       |       |     2 |       ||     2
       Javelin           |       |       |     2 |       ||     2
 Cast: Sandblast         |    59 |    57 |    96 |    31 ||   243
       Petrify           |       |       |    36 |    21 ||    57
       Stone Arrow       |       |       |       |     3 ||     3
Evoke: Wand              |       |       |       |     5 ||     5
  Use: Scroll            |     3 |       |    10 |     1 ||    14
       Potion            |       |     5 |     2 |     2 ||     9
 Stab: Sleeping          |       |     1 |     7 |     4 ||    12
       Petrified         |       |       |    26 |     6 ||    32
       Petrifying        |       |       |     1 |       ||     1
       Paralysed         |       |       |       |     1 ||     1
Armor: Robe              |     3 |     6 |    13 |     8 ||    30
       Skin              |       |    51 |       |       ||    51
Dodge: Dodged            |    10 |    40 |    80 |    37 ||   167

Table legend: (Time is in decaauts)
 A = Elapsed time spent in this place.
 B = Non-inter-level travel time spent in this place.
 C = Inter-level travel time spent in this place.
 D = Time resting spent in this place.
 E = Time spent auto-exploring this place.
 F = Levels seen in this place.
 G = Mean time per level.
                   A        B        C        D        E       F      G
               +--------+--------+--------+--------+--------+-----+--------+
         Total |  10355 |   9789 |    566 |   1461 |   6810 |  10 | 1035.5 |
       Dungeon |   9644 |   9082 |    562 |   1313 |   6375 |   9 | 1071.6 |
          Lair |    711 |    708 |      3 |    148 |    435 |   1 |  711.0 |
               +--------+--------+--------+--------+--------+-----+--------+

Top non-repeatable levels by time:
     D:6: 2050 daAuts
     D:8: 1459 daAuts
     D:5: 1309 daAuts
     D:7: 1230 daAuts
     D:2: 1079 daAuts
     D:4: 1043 daAuts
     D:1: 765 daAuts
  Lair:1: 711 daAuts
     D:3: 704 daAuts
     D:9: 1 daAuts
